 Dungeon Crawl Stone Soup version 0.30-a0-165-g1891117ce2 (webtiles) character file.

Game seed: 8642904318435010735

313 qw the Chopper (level 6, -2/38 HPs)
             Began as a Gargoyle Fighter on Sept 28, 2022.
             Was an Initiate of Okawaru.
             Slain by an orc wizard
             ... wielding a +0 dagger
              (3 damage)
             ... on level 5 of the Dungeon.
             The game lasted 00:01:33 (4686 turns).

qw the Chopper (Gargoyle Fighter)                   Turns: 4686, Time: 00:01:33

Health: -2/38      AC: 19    Str: 21      XL:     6   Next: 43%
Magic:  6/6        EV:  5    Int:  8 (9)  God:    Okawaru [......]
Gold:   300        SH:  4    Dex:  7 (9)  Spells: 5/5 levels left

rFire   + + .      SeeInvis .    Y - +1 war axe
rCold   + . .      Faith    .    c - +0 buckler
rNeg    + . .      Spirit   .    f - +0 plate armour
rPois   inf        Reflect  .    (no helmet)
rElec   +          Harm     .    j - scarf {rC+ rF+}
rCorr   .          Rampage  .    (no gloves)
Will    .....                    (no boots)
Stlth   ..........               (no amulet)
HPRegen 0.12/turn                i - +4 ring of protection
MPRegen 0.10/turn                e - ring of protection from fire

@: about to teleport
A: sickness immunity, AC +4, negative energy resistance 1, electricity
resistance, torment resistance 1, petrification resistance
a: Renounce Religion


You were on level 5 of the Dungeon.
You worshipped Okawaru.
Okawaru was noncommittal.
You visited 2 branches of the dungeon, and saw 6 of its levels.

You collected 300 gold pieces.


Innate Abilities, Weirdness & Mutations

You are immune to sickness and miasma.
Your stone body is resilient. (AC +4)
You are immune to poison.
You resist negative energy. (rN+)
You are resistant to electric shocks. (rElec)
You are resistant to unholy torment.
You are immune to petrification.


   Skills:
 - Level 4.0 Fighting
 + Level 5.7 Axes
 - Level 3.2 Armour
 - Level 3.2 Shields


You had 5 spell levels left.
You didn't know any spells.
Your spell library was empty.

Inventory:

Hand Weapons
 h - a +0 flail
 Y - a +1 war axe (weapon)
Armour
 c - a +0 buckler (worn)
 f - a +0 plate armour (worn)
 j - a scarf of resistance (worn)
Jewellery
 e - a ring of protection from fire (right hand)
 i - a +4 ring of protection (left hand)
Scrolls
 a - a scroll of teleportation
 l - a scroll of identify
Potions
 d - 2 potions of might
 n - 2 potions of heal wounds
 p - a potion of mutation
 q - a potion of haste
 r - a potion of curing

Dungeon Overview and Level Annotations

Branches:
Dungeon (5/15)             Temple (1/1) D:4

Altars:
Ashenzari
Cheibriados
Dithmenos
Elyvilon
Gozag
Hepliaklqana
Nemelex Xobeh
Okawaru
Ru
Sif Muna
Trog
Vehumet
Wu Jian
Zin
The Shining One

Annotations:
D:4 3 runed translucent doors, qw's ghost, novice GrFi


Message History

Something hits you but does no damage.
You barely miss the orc priest. You closely miss something. You slash the orc!
You kill the orc!
Okawaru accepts your kill.
You slash the orc!
You kill the orc!
Okawaru accepts your kill.
You miss something.
The centaur shoots an arrow.
The arrow hits you.
The centaur shoots an arrow.
The arrow hits you but does no damage. The orc priest completely misses you.
You hear some strange, mumbled words.
You are confused.
Something hits you.
4684 ||| DRINKING 2 potions of curing.
You feel better.
4684 ||| (to cure confusion)
The orc priest hits you with a +0 hand axe.
You hear some strange, mumbled words.
A puff of flame appears from out of thin air!
The puff of flame misses you.
The puff of flame hits the orc priest!
You block something's attack.
The centaur shoots an arrow.
The arrow hits you but does no damage.
You barely miss the orc priest.
The orc priest is heavily wounded.
You barely miss something. You miss something. You hit something.
The centaur shoots an arrow.
The arrow hits you!
Something hits you but does no damage. x2
You hear some strange, mumbled words.
Something tries to affect you, but you resist.
The orc priest hits you with a +0 hand axe.
The centaur shoots an arrow.
The arrow hits you but does no damage.
4686 ||| READING 2 scrolls of teleportation.
As you read the scroll of teleportation, it crumbles to dust.
You feel strangely unstable. Something completely misses you.
The centaur shoots an arrow.
The arrow hits you.
You hear some strange, mumbled words.
A magic dart appears from out of thin air!
The magic dart hits you but does no damage.
Something hits you.
You die...

...............
.............!.
................
................
................
.......c.........
.........)){......
..........o@{......
#...................
#..........$........
.#...................
.....................
#.#............).....
............[........
#..................
#..................


You could see a centaur and an orc priest.

Vanquished Creatures
  2 hounds (D:4)
  Ijyb (D:3)
  An iguana (D:4)
  4 gnolls
  6 adders
  4 dart slugs
  12 orcs
  8 ball pythons
  9 endoplasms
  3 giant cockroaches
  6 goblins
  5 hobgoblins
  5 jackals
  5 kobolds
  6 quokkas
  4 bats
  2 frilled lizards (D:1)
  8 rats
91 creatures vanquished.

Vanquished Creatures (others)
  An orc (D:4)
  4 plants (D:2)
5 creatures vanquished.

Grand Total: 96 creatures vanquished

Notes
Turn   | Place    | Note
-------+----------+-------------------------------------------
     0 | D:1      | qw the Gargoyle Fighter began the quest for the Orb.
     0 | D:1      | Reached XP level 1. HP: 14/14 MP: 1/1
     0 | D:1      | 0 ||| qw: Version: 0.2-a-12-gaebbb33
     0 | D:1      | 0 ||| qw: Game counter: 862
     0 | D:1      | 0 ||| qw: Always use a shield: true
     0 | D:1      | 0 ||| qw: God list: Okawaru
     0 | D:1      | 0 ||| qw: Allow faded altars: false
     0 | D:1      | 0 ||| qw: Do Orc after D:15 true
     0 | D:1      | 0 ||| qw: Do second Lair branch before Depths: true
     0 | D:1      | 0 ||| qw: Lair rune preference: random
     0 | D:1      | 0 ||| qw: Plans: Normal, Zot:1-4, God:TSO, Crypt, Tomb,
                  | Pan, Slime:5, Hells, Abyss, Orb
     0 | D:1      | 0 ||| PLANNING D:1-11
    93 | D:1      | Reached skill level 2 in Axes
   173 | D:1      | 173 ||| Stepping ~*~*~tactically~*~*~ (stealth).
   174 | D:1      | 174 ||| Stepping ~*~*~tactically~*~*~ (stealth).
   182 | D:1      | Reached XP level 2. HP: 11/19 MP: 2/2
   422 | D:1      | 422 ||| DROPPING +0 whip.
   482 | D:1      | Reached skill level 3 in Axes
   487 | D:1      | 487 ||| Stepping ~*~*~tactically~*~*~ (hiding).
   493 | D:1      | Reached XP level 3. HP: 23/23 MP: 3/3
  1143 | D:1      | 1143 ||| DROPPING amulet of magic regeneration.
  1144 | D:1      | 1144 ||| UPGRADING to +4 ring of protection.
  1145 | D:1      | 1145 ||| READING 2 scrolls labelled KYCOK TI YTHIA.
  1261 | D:2      | Reached XP level 4. HP: 28/28 MP: 4/4
  1266 | D:2      | Found a faded altar of an unknown god.
  1483 | D:2      | 1483 ||| Stepping ~*~*~tactically~*~*~ (stealth).
  1649 | D:2      | Reached skill level 4 in Axes
  1840 | D:2      | 1840 ||| Stepping ~*~*~tactically~*~*~ (stealth).
  1841 | D:2      | 1841 ||| Stepping ~*~*~tactically~*~*~ (stealth).
  1855 | D:2      | 1855 ||| Stepping ~*~*~tactically~*~*~ (hiding).
  2222 | D:2      | 2222 ||| UPGRADING to +0 plate armour.
  2232 | D:2      | 2232 ||| DROPPING +0 scale mail.
  2233 | D:2      | 2233 ||| UPGRADING to scarf of resistance.
  2238 | D:2      | 2238 ||| UPGRADING to ring of protection from fire.
  2239 | D:2      | 2239 ||| READING scroll labelled KEIMASM PUMO.
  2240 | D:2      | 2240 ||| READING scroll labelled FAESSOF FATE.
  2241 | D:2      | 2241 ||| READING scroll labelled QILOUBACREANA.
  2242 | D:2      | 2242 ||| READING scroll labelled QOYZECW HOISI.
  2243 | D:2      | 2243 ||| DRINKING 2 grey potions.
  2244 | D:2      | 2244 ||| DRINKING 2 sapphire potions.
  2275 | D:3      | Reached XP level 5. HP: 31/32 MP: 5/5
  2329 | D:3      | 2329 ||| FLEEEEING.
  2330 | D:3      | 2330 ||| FLEEEEING.
  2331 | D:3      | 2331 ||| FLEEEEING.
  2332 | D:3      | 2332 ||| STAIRDANCE
  2402 | D:2      | 2402 ||| DRINKING 2 golden potions.
  2403 | D:2      | 2403 ||| DROPPING potion of degeneration.
  2909 | D:3      | Noticed Ijyb
  2911 | D:3      | Paralysed by Ijyb for 2 turns
  2918 | D:3      | Paralysed by Ijyb for 4 turns
  2924 | D:3      | Killed Ijyb
  2925 | D:3      | Reached skill level 5 in Axes
  2984 | D:3      | 2984 ||| READING scroll labelled TIFEGO YGOECSA.
  2985 | D:3      | 2985 ||| READING scroll labelled OMNAIM QAIREMN.
  2986 | D:3      | 2986 ||| READING 2 scrolls labelled XAZ NI NENGE.
  3044 | D:3      | 3044 ||| DRINKING 2 blue potions.
  3145 | D:3      | 3145 ||| READING 3 scrolls of identify.
  3145 | D:3      | 3145 ||| IDENTIFYING fizzy silvery potion
  3146 | D:3      | 3146 ||| READING 2 scrolls of identify.
  3146 | D:3      | 3146 ||| IDENTIFYING gluggy blue potion
  3147 | D:3      | 3147 ||| DROPPING potion of magic.
  3148 | D:3      | 3148 ||| DROPPING scroll of torment.
  3149 | D:3      | 3149 ||| DROPPING potion of ambrosia.
  3249 | D:4      | 3249 ||| Stepping ~*~*~tactically~*~*~ (stealth).
  3255 | D:4      | 3255 ||| Stepping ~*~*~tactically~*~*~ (stealth).
  3256 | D:4      | 3256 ||| Stepping ~*~*~tactically~*~*~ (stealth).
  3276 | D:4      | 3276 ||| Stepping ~*~*~tactically~*~*~ (stealth).
  3278 | D:4      | 3278 ||| Stepping ~*~*~tactically~*~*~ (stealth).
  3280 | D:4      | 3280 ||| Stepping ~*~*~tactically~*~*~ (stealth).
  3284 | D:4      | 3284 ||| Stepping ~*~*~tactically~*~*~ (stealth).
  3395 | D:4      | 3395 ||| Stepping ~*~*~tactically~*~*~ (stealth).
  3490 | D:4      | Found a runed translucent gate.
  3512 | D:4      | 3512 ||| Stepping ~*~*~tactically~*~*~ (stealth).
  3514 | D:4      | 3514 ||| Stepping ~*~*~tactically~*~*~ (stealth).
  3521 | D:4      | 3521 ||| Stepping ~*~*~tactically~*~*~ (stealth).
  3528 | D:4      | 3528 ||| Stepping ~*~*~tactically~*~*~ (stealth).
  3559 | D:4      | Found a staircase to the Ecumenical Temple.
  3560 | D:4      | 3560 ||| PLANNING TEMPLE
  3560 | D:4      | 3560 ||| DRINKING 4 cyan potions.
  3569 | Temple   | Entered the Ecumenical Temple
  3613 | Temple   | 3613 ||| PLANNING OKAWARU WORSHIP
  3733 | Temple   | Became a worshipper of Warmaster Okawaru
  3734 | Temple   | 3734 ||| PLANNING D:1-11
  3841 | D:4      | Reached XP level 6. HP: 34/38 MP: 6/6
  4069 | D:4      | Found a runed translucent gate.
  4070 | D:4      | Found a runed translucent gate.
  4072 | D:4      | Noticed qw's ghost (novice GrFi)
  4099 | D:4      | 4099 ||| Stepping ~*~*~tactically~*~*~ (hiding).
  4102 | D:4      | 4102 ||| Stepping ~*~*~tactically~*~*~ (stealth).
  4150 | D:4      | 4150 ||| Stepping ~*~*~tactically~*~*~ (stealth).
  4151 | D:4      | 4151 ||| Stepping ~*~*~tactically~*~*~ (stealth).
  4624 | D:4      | 4624 ||| READING scroll labelled INEIMA JOOFFA.
  4625 | D:4      | 4625 ||| READING 2 scrolls labelled BOITAGORIPN.
  4626 | D:4      | 4626 ||| DROPPING scroll of fear.
  4650 | D:5      | Entered Level 5 of the Dungeon
  4682 | D:5      | 4682 ||| DRINKING 3 potions of curing.
  4682 | D:5      | 4682 ||| (to cure confusion)
  4684 | D:5      | 4684 ||| DRINKING 2 potions of curing.
  4684 | D:5      | 4684 ||| (to cure confusion)
  4685 | D:5      | HP: 7/38 [centaur/arrow (9)]
  4686 | D:5      | 4686 ||| READING 2 scrolls of teleportation.
  4686 | D:5      | HP: 1/38 [centaur/arrow (3)]
  4686 | D:5      | Slain by an orc wizard

Levels and vault maps discovered:
D:1:      dpeg_arrival_radiant, layout_basic, minmay_door_square
D:2:      minmay_spotlight, layout_loops_corners, basic_ecumenical_altar,
          serial_bayou_pond_e, serial_bayou_pond_a
D:3:      layout_basic, uniq_ijyb
D:4:      layout_basic, lemuel_temple_firewalk_b, gammafunk_ghost_necromancy,
          nicolae_titane
D:5:      layout_basic
Temple:   regret_index_temple_waves

Skill      XL: |  1  2  3  4  5 |
---------------+----------------+-----
Axes           | 2 3 4 5 |  5.7
Fighting       | 4 |  4.0
Armour         | |  3.2
Shields        | |  3.2

Action                   |  1- 3 |  4- 6 || total
-------------------------+-------+-------++-------
Melee: War axe           |    77 |   206 ||   283
  Use: Scroll            |     1 |    12 ||    13
       Potion            |       |     7 ||     7
Armor: Scale mail        |    38 |    29 ||    67
       Plate armour      |       |   132 ||   132
Dodge: Dodged            |    35 |    73 ||   108
Block: Buckler           |    10 |    41 ||    51

Table legend:
 A = Non-vault XP
 B = Vault XP
 C = Vault XP percentage of total XP
 D = Non-vault monster count
 E = Vault monster count
 F = Vault count percentage of total count
                 A         B        C        D         E       F
            +---------+---------+-------+---------+---------+-------
      Total |     388 |      60 |  13.4 |      83 |       8 |   8.8
            +---------+---------+-------+---------+---------+-------
        D:1 |      51 |       0 |   0.0 |      24 |       0 |   0.0
        D:2 |      78 |      24 |  23.5 |      16 |       7 |  30.4
        D:3 |      43 |      36 |  45.6 |      16 |       1 |   5.9
        D:4 |     204 |       0 |   0.0 |      23 |       0 |   0.0
        D:5 |      12 |       0 |   0.0 |       4 |       0 |   0.0
            +---------+---------+-------+---------+---------+-------
